 Dungeon Crawl Stone Soup version 0.21.0-24-g2553a33 (webtiles) character file.

4 tidbits the Sneak (level 1, -1/13 HPs)
             Began as a Gnoll Enchanter on Jan 20, 2018.
             Slain by a gnoll
             ... wielding a +0 whip
              (5 damage)
             ... on level 2 of the Dungeon.
             The game lasted 00:01:29 (192 turns).

tidbits the Sneak (Gnoll Enchanter)                  Turns: 192, Time: 00:01:30

Health: -1/13      AC:  2    Str: 10    XL:     1   Next: 70%
Magic:  5/6        EV: 14    Int: 17    God:
Gold:   3          SH:  0    Dex: 15    Spells: 8/9 levels left

rFire    . . .     SeeInvis .   a - +1 dagger
rCold    . . .     Gourm    .   (no shield)
rNeg     + . .     Faith    .   b - +0 robe
rPois    .         Spirit   .   (no helmet)
rElec    .         Reflect  .   (no cloak)
rCorr    .         Harm     .   (no gloves)
MR       .....                  (no boots)
Stlth    +++.......             (no amulet)
HPRegen  0.04/turn              i - ring of positive energy
MPRegen  0.10/turn              (no ring)

@: no status effects
A: distributed training, fangs 1, strong nose
a: no special abilities


You were on level 2 of the Dungeon.
You were not hungry.

You visited 1 branch of the dungeon, and saw 4 of its levels.

You collected 3 gold pieces.

Inventory:

Hand Weapons
 a - a +1 dagger (weapon)
 e - a +0 short sword
 j - a +0 spear
Missiles
 h - 18 stones (quivered)
Armour
 b - a +0 robe (worn)
Jewellery
 i - a ring of positive energy (left hand)
   (You found it on level 1 of the Dungeon)
Scrolls
 f - a scroll of magic mapping {unknown}
 k - a scroll of identify {unknown}
 l - a scroll of fear {unknown}
Potions
 g - a potion of magic {unknown}
Books
 c - a book of Maledictions

   Spells                             Type                      Level
   a - Corona                         Hexes                        1
   b - Ensorcelled Hibernation        Hexes/Ice                    2
   c - Confuse                        Hexes                        3
   d - Tukima's Dance                 Hexes                        3
   e - Dazzling Spray                 Conjuration/Hexes            3
Comestibles
 d - 2 rations


   Skills:
 + Level 0.1 Fighting
 + Level 2.4 Short Blades
 + Level 0.1 Long Blades
 + Level 0.1 Axes
 + Level 0.1 Maces & Flails
 + Level 0.1 Polearms
 + Level 0.1 Staves
 + Level 0.1 Slings
 + Level 0.1 Bows
 + Level 0.1 Crossbows
 + Level 0.1 Throwing
 + Level 0.1 Armour
 + Level 4.4 Dodging
 + Level 5.9 Stealth
 + Level 0.1 Shields
 + Level 0.1 Unarmed Combat
 + Level 4.9 Spellcasting
 + Level 0.1 Conjurations
 + Level 5.3 Hexes
 + Level 0.1 Charms
 + Level 0.1 Summonings
 + Level 0.1 Necromancy
 + Level 0.1 Translocations
 + Level 0.1 Transmutations
 + Level 0.1 Fire Magic
 + Level 0.1 Ice Magic
 + Level 0.1 Air Magic
 + Level 0.1 Earth Magic
 + Level 0.1 Poison Magic
 + Level 0.2 Invocations
 + Level 0.1 Evocations


You had 8 spell levels left.
You knew the following spells:

 Your Spells              Type           Power        Failure   Level  Hunger
o - Corona                Hex            ###....      1%          1    None


Dungeon Overview and Level Annotations

Branches:
Dungeon (4/15)
 Temple: D:4-7

Altars:

Annotations:
D:3 Aviak's ghost, weakling FeAK


Innate Abilities, Weirdness & Mutations

Your experience applies equally to all skills.
You have very sharp teeth.
Your uncanny sense of smell can sniff out nearby items.


Message History

A hobgoblin comes into view. It is wielding a club.
The hobgoblin shouts!
Found a spear.
There is a stone staircase leading up here.
The hobgoblin misses you.
Casting: Corona
Confirm with . or Enter, or press ? or * to list all spells.
Aiming: Corona
Press: ? - help, Shift-Dir - straight line, f - hobgoblin
Aim: a hobgoblin, wielding a club (chance to defeat MR: 77%)
The hobgoblin is outlined in light.
You hit the hobgoblin.
You kill the hobgoblin!
There is a stone staircase leading up here.
You see here a spear.
j - a spear A goblin comes into view.
A goblin comes into view. It is wielding a club.
Found a robe.
The helpless goblin fails to defend itself.
You impale the goblin!!
You kill the goblin!
The goblin misses you.
Casting: Corona
Confirm with . or Enter, or press ? or * to list all spells.
Aiming: Corona
Press: ? - help, Shift-Dir - straight line, f - goblin
Aim: a goblin (chance to defeat MR: 77%)
The goblin is outlined in light.
The goblin barely misses you.
You hit the goblin.
You kill the goblin!
Found 16 sling bullets.
Found a scroll labeled DENULO KAMU.
Found a scroll labeled AGUEDY NAQEODD.
Found a stone staircase leading down.
Found a scale mail.
You see here a scroll labeled DENULO KAMU.
k - a scroll labeled DENULO KAMU You see here a scale mail.
You see here a scroll labeled AGUEDY NAQEODD.
l - a scroll labeled AGUEDY NAQEODD
There is a stone staircase leading down here.
You climb downwards.
A goblin comes into view. It is wielding a club.
Found a stone staircase leading down.
There is a stone staircase leading up here.
Unknown command.
Found a stone staircase leading down.
The helpless goblin fails to defend itself.
You impale the goblin!!
You kill the goblin!
Found a blue potion.
Found a stone staircase leading down.
Aviak's ghost (weakling Felid Abyssal Knight) comes into view.
There is a stone staircase leading down here.
You climb downwards.
You hear the hiss of flowing sand.
There is an entrance to an ossuary on this level.
Hurry and find it before the portal is buried! 4 gnolls and a gnoll shaman come into view.
The gnoll shaman shouts!
The gnoll shouts! x3; You hear a bark!
Found 12 gold pieces.
Found a stone staircase leading up.
There is a stone staircase leading up here.
The gnoll misses you. The gnoll shaman closely misses you.
The gnoll completely misses you.
You climb upwards.
Level annotation: Aviak's ghost, weakling FeAK
There is a stone staircase leading down here.
Unknown command.
The gnoll closely misses you.
The gnoll shaman calls upon its god to speed up the gnoll.
The gnoll seems to speed up.
The gnoll closely misses you. The gnoll misses you.
The gnoll barely misses you.
There is a stone staircase leading up here.
The gnoll barely misses you. The gnoll misses you.
You climb upwards.
There is a stone staircase leading down here.
Unknown command.
Casting: Corona
Confirm with . or Enter, or press ? or * to list all spells.
Aiming: Corona
Press: ? - help, Shift-Dir - straight line, f - gnoll
Aim: a gnoll, wielding a whip (fast, chance to defeat MR: 70%)
The gnoll is outlined in light.
The gnoll barely misses you.
You barely miss the gnoll. The gnoll misses you. The gnoll barely misses you.
You hit the gnoll.
The gnoll is lightly wounded.
The gnoll hits you with a whip.
You barely miss the gnoll.
The gnoll is lightly wounded.
The gnoll hits you with a whip.
You hit the gnoll.
The gnoll is moderately wounded.
The gnoll misses you. The gnoll hits you with a whip.
* * * LOW HITPOINT WARNING * * *
You hit the gnoll.
The gnoll is heavily wounded.
The gnoll closely misses you.
You hit the gnoll.
The gnoll is severely wounded.
The gnoll hits you with a whip.
You die...

#
.#.########+######.#.#
..........#.#.........
.......@....#.####....
......g............#
##.######[###...##.# #
#.# #...# .#(# #.#
#...##.#.# #..
#........# #..
#..###.###.
#..##...........
#..##...#.####..


You could see a gnoll.

Vanquished Creatures
  A hobgoblin (D:2)
  3 goblins
4 creatures vanquished.

Notes
Turn   | Place    | Note
-------+----------+-------------------------------------------
     0 | D:1      | tidbits the Gnoll Enchanter began the quest for the Orb.
     0 | D:1      | Reached XP level 1. HP: 13/13 MP: 6/6
   172 | D:3      | Noticed Aviak's ghost (weakling FeAK)
   173 | D:4      | Noticed a gnoll shaman
   192 | D:2      | Slain by a gnoll

Action                   || total
-------------------------++-------
Melee: Dagger            ||    10
 Cast: Corona            ||     3
 Stab: Sleeping          ||     2
Dodge: Dodged            ||    17

Table legend:
 A = Turns spent in this place as a percentage of turns spent in the entire game.
 B = Non-inter-level travel turns spent in this place as a percentage of non-inter-level travel turns spent in the entire game.
 C = Inter-level travel turns spent in this place as a percentage of turns spent in this place.
 D = Turns resting spent in this place as a percentage of non-inter-level travel turns spent in this place.
 E = Turns spent auto-exploring this place as a percentage of non-inter-level travel turns spent in this place.
 F = Non-inter-level travel turns spent in this place divided by the number of levels of this place that you've seen.
                   A       B       C       D       E      F
               +-------+-------+-------+-------+-------+----------------------
         Total | 100.0 | 100.0 |   0.0 |   0.0 |   0.0 |  48.0
       Dungeon | 100.0 | 100.0 |   0.0 |   0.0 |   0.0 |  48.0
               +-------+-------+-------+-------+-------+----------------------

Table legend:
 A = Kills in this place as a percentage of kills in entire the game.
 B = Kills by you in this place as a percentage of kills by you in the entire game.
 C = Kills by friends in this place as a percentage of kills by friends in the entire game.
 D = Other kills in this place as a percentage of other kills in the entire game.
 E = Experience gained in this place as a percentage of experience gained in the entire game.
 F = Experience gained in this place divided by the number of levels of this place that you have seen.
                   A       B       C       D       E      F
               +-------+-------+-------+-------+-------+----------------------
         Total | 100.0 | 100.0 |   N/A |   N/A | 100.0 |   1.8
       Dungeon | 100.0 | 100.0 |   N/A |   N/A | 100.0 |   1.8
               +-------+-------+-------+-------+-------+----------------------

Vault maps used:
D:1:      dpeg_arrival_chambers_temple_mockup
D:2:      minmay_pentomino_s4
D:3:      overflow_temple_1_default, nicolae_overflow_hidden_temple,
          first_ration
D:4:      okawaru_metal_pillars_1_2, gup_ossuary_entry_pyramid,
          wad_floor_pattern_untrapped, uniq_crazy_yiuf_cottage
